 Dungeon Crawl Stone Soup version 0.17.2-1-ge4368a0 (webtiles) character file.

107 rlgrobin the Insei (level 4, -2/35 HPs)
             Began as a Mummy Monk on Apr 18, 2017.
             Slain by a gnoll
             ... wielding a +0 spear
              (7 damage)
             ... on level 2 of the Dungeon.
             The game lasted 00:03:23 (3728 turns).

rlgrobin the Insei (Mummy Monk)                     Turns: 3728, Time: 00:03:24

Health: -2/35      AC:  0    Str: 14    XL:     4   Next: 56%
Magic:  4/4        EV:  8    Int:  9    God:
Gold:   59         SH:  0    Dex: 15    Spells: 0 memorised, 3 levels left

rFire  x . .     SeeInvis .       - Unarmed
rCold  + . .     Clarity  .     (no armour)
rNeg   + + +     SustAt   .     (no shield)
rPois  ∞         Gourm    .     (no helmet)
rElec  .         Spirit   .     (no cloak)
rCorr  .         Warding  .     (no gloves)
rMut   .         Stasis   .     (no boots)
MR     .....                    (no amulet)
Stlth  ++........               h - ring of wizardry
                                (no ring)

@: not resistant to hostile enchantments, unstealthy
A: no food or potions, fire vulnerability, cold resistance 1, negative energy
resistance 3, torment resistance, unbreathing
a: no special abilities


You were on level 2 of the Dungeon.
You were not hungry.

You visited 1 branch of the dungeon, and saw 2 of its levels.

You collected 59 gold pieces.


Innate Abilities, Weirdness & Mutations

You do not eat or drink.
Your flesh is vulnerable to fire.
You are immune to poison.
Your flesh is cold resistant.
You are immune to negative energy.
You are immune to unholy pain and torment.
You can survive without breathing.


   Skills:
 + Level 3.0 Fighting
 - Level 2.4 Dodging
 - Level 1.5 Stealth
 - Level 5.0 Unarmed Combat


You had 3 spell levels left.
You didn't know any spells.

Inventory:

Missiles
 c - 3 large rocks (quivered) {=f}
Jewellery
 f - an uncursed ring of ice
 h - a ring of wizardry (right hand)
Scrolls
 a - a scroll of enchant armour {unknown}
 b - 2 scrolls of enchant weapon {unknown}
 d - 2 scrolls of identify {unknown}
 e - a scroll of remove curse {unknown}
 g - a scroll of noise {unknown}

Dungeon Overview and Level Annotations

Branches:
Dungeon (2/15)

Altars:

Annotations:
D:1 exclusion: downstairs

▒▒▒ ▒.▒ ▒.▒ ▒.▒▒▒▒▒ ▒.....▒
▒▒▒▒▒▒.▒▒▒.▒ ▒▒▒▒ ▒M▒....▒ ▒.▒
▒...
▒▒▒▒▒▒▒▒▒▒▒▒▒▒▒▒)▒(...▒▒▒.▒▒▒▒...
................g'...........+...
...▒........)..▒.▒....▒.▒▒▒.▒▒...
▒▒.▒.▒▒.....▒▒.▒.▒....▒.▒▒▒......
▒...........▒g▒.................
▒...........▒.▒.▒▒▒▒▒...........
▒.....▒...▒.▒.▒............▒▒▒▒.
▒.▒.▒.▒.▒.▒.▒....▒▒▒...........▒


You could see a gnoll.


Message History

You barely miss the gnoll!
The gnoll is lightly wounded!
The gnoll hits you with a spear!
You take 6 damage, and have 25/35 hp!
You closely miss the gnoll!
The gnoll is lightly wounded!
The gnoll hits you with a spear!
You take 1 damage, and have 24/35 hp!
You barely miss the gnoll!
The gnoll is lightly wounded!
The gnoll hits you with a spear!
You take 6 damage, and have 18/35 hp!
You pulverise the gnoll!
The gnoll is lightly wounded!
The gnoll hits you with a spear!!! * * * don't die
* * * You take 8 damage, and have 10/35 hp!
MASSIVE DAMAGE!!!!!!
You beat the gnoll into a bloody pulp!
The gnoll is heavily wounded!
The gnoll misses you!
The gnoll hits you from afar with a spear!!! * * * don't die
* * * You take 9 damage, and have 1/35 hp!
MASSIVE DAMAGE!!!!!!
You see here 28 stones!
There is an open door here!
Things that are here:
a flail; a halberd; a gnoll corpse
There is a stone staircase leading up here!
The gnoll hits you from afar with a spear!!! rip

Action                   |  1- 3 |  4- 6 || total
-------------------------+-------+-------++-------
Melee: Unarmed           |   162 |    52 ||   214
 Stab: Sleeping          |     6 |     1 ||     7

Vault maps used:
D:1:      minmay_arrival_widening_spiral_wide

Notes
Turn   | Place    | Note
--------------------------------------------------------------
     0 | D:1      | rlgrobin the Mummy Monk began the quest for the Orb.
     0 | D:1      | Reached XP level 1. HP: 18/18 MP: 1/1
   458 | D:1      | Reached XP level 2. HP: 24/24 MP: 2/2
   938 | D:1      | Reached skill level 4 in Unarmed Combat
  1196 | D:1      | Reached XP level 3. HP: 26/29 MP: 3/3
  2560 | D:1      | Reached XP level 4. HP: 24/35 MP: 4/4
  3567 | D:2      | Reached skill level 5 in Unarmed Combat
  3687 | D:2      | HP: 1/35 [gnoll/spear (10)]
  3728 | D:2      | Slain by a gnoll

Vanquished Creatures
  2 adders
  3 gnolls
  2 oozes (D:1)
  A worm (D:2)
  2 giant geckos
  3 bats (D:1)
  2 giant cockroaches (D:1)
  7 goblins (D:1)
  8 hobgoblins
  4 jackals (D:1)
  5 kobolds
  A ball python (D:1)
  A giant newt (D:2)
  6 rats
47 creatures vanquished.
